Map: Ascension to Aiur LE

Players

ShiningStars

  • Race: Zerg Zerg
  • League: Master
  • Spawn Location: 5:00

FLORENCIO - Winner!

  • Race: Protoss Protoss
  • League: Diamond
  • Spawn Location: 11:00

VOD

Have the link to the VOD?

Description

Time

  • Played on: Dec. 30, 2017, 4:57 p.m.
  • Length: 17:47
Show
View Real Time Build Order
Export as new Build Order

ShiningStars Zerg 

Build Orders: Pool First 

Get SALT Encoding   

  12  0:01  Drone  
  13  0:23  Spawning Pool  
  13  0:25  Drone  
  13  0:30  Drone  
  14  0:38  Overlord  
  14  0:56  Drone  
  15  1:09  Zergling x2  
  15  1:10  Queen, Zergling x4  
  20  1:15  Spine Crawler  
  19  1:18  Extractor  
  19  1:20  Extractor  
  19  1:23  Drone  
  18  1:34  Drone  
  22  1:51  Hatchery  
  21  1:57  Drone  
  22  2:01  Overlord  
  22  2:18  Extractor  
  22  2:22  Drone x5  
  25  2:35  Drone  
  26  2:41  Drone  
  27  2:50  Overlord  
  27  2:51  Drone x2  
  29  3:18  Roach Warren  
  28  3:20  Hatchery  
  27  3:27  Drone  
  27  3:28  Drone x4  
  32  3:37  Queen  
  34  3:42  Drone  
  35  3:57  Overlord x2  
  35  3:59  Roach  
  35  4:01  Overlord  
  37  4:10  Spine Crawler  
  37  4:13  Spine Crawler  
  37  4:16  Roach  
  37  4:21  Spore Crawler  
  36  4:27  Roach  
  36  4:28  Roach  
  40  4:37  Ravager  
  42  4:38  Ravager  
  42  4:46  Zergling x10  
  47  4:57  Ravager  
  48  5:00  Drone x3  
  48  5:05  Drone x2  
  53  5:15  Overlord x2  
  53  5:20  Spore Crawler  
  52  5:27  Roach x2  
  50  5:41  Zergling x10  
  50  5:42  Metabolic Boost  
  52  5:51  Queen  
  52  5:55  Spine Crawler, Zergling x2  
  54  5:58  Spine Crawler  
  54  6:00  Extractor  
  48  6:14  Zergling x4  
  48  6:15  Zergling x12  
  50  6:24  Queen  
  42  6:57  Roach  
  42  6:58  Roach x5  
  54  7:11  Queen  
  54  7:13  Zergling x2  
  52  7:39  Queen  
  50  7:47  Queen  
  49  8:03  Zergling x18  
  54  8:14  Queen  
  54  8:15  Zergling x2  
  54  8:16  Zergling x2  
  58  8:23  Queen  
  56  8:34  Drone x6  
  54  8:52  Lair  
  54  8:54  Roach x6  
  65  8:59  Spine Crawler, Queen  
  65  9:02  Spine Crawler  
  65  9:03  Extractor  
  65  9:04  Extractor  
  65  9:06  Drone x5  
  65  9:09  Spore Crawler  
  67  9:17  Drone  
  59  9:45  Zergling x12  
  60  9:48  Ravager  
  60  9:52  Hydralisk Den  
  64  9:57  Nydus Network  
  63  10:20  Hatchery  
  58  10:35  Hydralisk x4  
  58  10:36  Hydralisk x2  
  58  10:39  Nydus Canal  
  65  10:51  Hydralisk  
  65  10:54  Overlord x3  
  51  11:15  Roach  
  51  11:22  Roach  
  47  11:34  Zergling x2  
  47  11:35  Zergling x2  
  39  12:03  Drone  
  39  12:04  Drone x2  
  42  12:20  Drone  
  43  12:28  Spire  
  42  12:33  Drone  
  43  12:40  Hydralisk x3  
  50  12:47  Nydus Canal  
  32  13:16  Roach x3  
  38  13:35  Roach  
  38  13:36  Ravager  
  38  13:37  Ravager x3  
  44  13:56  Ravager  
  45  14:19  Hydralisk x2  
  39  14:56  Hydralisk  
  41  15:10  Roach x2  
  45  15:23  Hydralisk  
  47  15:46  Ravager  
  43  16:49  Spawning Pool  
  39  17:08  Roach  
Show
View Real Time Build Order
Export as new Build Order

FLORENCIO Protoss - Winner!

Build Orders: Cannon Rush 

Get SALT Encoding   

  12  0:01  Probe  
  13  0:13  Probe  
  14  0:19  Pylon  
  14  0:25  Probe (Chrono Boost)  
  15  0:39  Probe (Chrono Boost)  
  16  0:44  Probe (Chrono Boost), Forge  
  17  0:55  Probe  
  18  1:04  Pylon  
  18  1:08  Pylon  
  18  1:11  Pylon  
  18  1:23  Photon Cannon  
  18  1:24  Photon Cannon  
  17  1:40  Probe  
  18  1:48  Gateway, Photon Cannon  
  18  1:51  Pylon  
  18  1:59  Probe  
  19  2:06  Pylon  
  19  2:07  Pylon  
  19  2:11  Probe  
  20  2:15  Pylon  
  20  2:24  Photon Cannon  
  20  2:39  Photon Cannon  
  20  2:41  Photon Cannon  
  20  2:47  Photon Cannon  
  20  2:49  Assimilator  
  20  2:50  Probe (Chrono Boost)  
  21  2:52  Assimilator  
  21  3:01  Gateway  
  21  3:11  Probe (Chrono Boost)  
  22  3:22  Probe (Chrono Boost)  
  23  3:27  Probe (Chrono Boost)  
  23  3:28  Cybernetics Core  
  24  3:45  Cybernetics Core  
  24  3:48  Zealot  
  26  4:10  Robotics Facility  
  26  4:12  Shield Battery, Pylon  
  26  4:17  Pylon  
  26  4:22  Pylon  
  26  4:40  Photon Cannon  
  26  4:42  Photon Cannon  
  26  4:47  Photon Cannon  
  26  4:49  Photon Cannon  
  24  5:04  Immortal (Chrono Boost)  
  24  5:05  Shield Battery  
  27  5:07  Zealot  
  29  5:26  Photon Cannon  
  29  5:32  Shield Battery  
  29  5:42  Photon Cannon  
  29  5:53  Pylon, Photon Cannon  
  29  6:03  Stargate  
  27  6:20  Shield Battery  
  27  6:24  Immortal (Chrono Boost)  
  31  6:39  Void Ray  
  31  6:57  Stalker  
  33  7:11  Immortal (Chrono Boost)  
  37  7:28  Void Ray  
  39  7:47  Immortal  
  43  7:54  Shield Battery  
  43  7:56  Shield Battery  
  39  8:09  Shield Battery  
  39  8:10  Shield Battery  
  35  8:34  Shield Battery  
  35  8:36  Immortal  
  39  8:59  Void Ray  
  43  9:07  Photon Cannon  
  43  9:26  Pylon  
  43  9:49  Shield Battery x2  
  43  9:51  Shield Battery  
  43  10:12  Void Ray  
  47  10:41  Shield Battery  
  47  10:43  Shield Battery  
  47  10:45  Immortal  
  40  11:41  Immortal  
  44  12:11  Void Ray  
  48  12:21  Observer  
  49  12:36  Stalker  
  51  12:54  Void Ray  
  47  13:37  Void Ray  
  51  13:42  Nexus  
  51  14:00  Assimilator  
  39  14:47  Immortal  
  39  16:16  Assimilator, Probe  
  40  16:22  Assimilator  
Tags
 
Add a new tag
Caveats
  • Supply blocks, unpowered buildings, or Contaminate may cause inaccurate times.
  • Supply counts are checked every 10 seconds.